AoeStats
← [RZ] HardZeeiRa-BR

Arabia

508443528Analyzed
1v1 RM · 9d ago on Sep 22, 2026· 28m 38s· 2 players
Game mode
Random Map
Map size
Tiny (2 player)
Population
200
Speed
Normal
Resources
Standard
Victory
Conquest
Starting age
Dark Age
Ending age
Imperial Age
RankedLock teamsTeams togetherTeam positionsShared explorationLock speedFull tech treeHidden civsTurbo modeCheats
Victory
Defeat
🇧🇷 Lithuanians · Brazil
1171
+17
🇲🇽 Wei · Mexico
1192
-17
[RZ] HardZeeiRa-BR
6:27 Loom
8:53 Feudal Age
9:32 Double-Bit Axe
17:40 Wheelbarrow
21:04 Horse Collar
23:39 Castle Age
22:10 Forging
22:16 Bloodlines
22:45 Scale Barding Armor
23:10 Gold Mining
25:05 Iron Casting
28:25 Chain Barding Armor
29:09 Husbandry
DS_profetha
6:24 Loom
9:27 Feudal Age
10:08 Man-at-Arms
12:05 Town Watch
23:45 Castle Age
22:51 Bloodlines
23:53 Wheelbarrow
24:40 Double-Bit Axe
24:38 Horse Collar
25:14 Scale Barding Armor
25:19 Forging
Connection lost

Rejoining the realm…

Still unreachable

The connection could not be restored.

Session expired

The server has moved on; the page needs a fresh start.